 Seeded DCSS version 0.30.1-8-g117510f58f (webtiles) character file.

Game seed: 15281539567716681188 (custom seed)

27 Psyclone the Conjurer (level 2, -3/15 HPs)
             Began as a Deep Elf Conjurer on Sept 22, 2023.
             Slain by a worm (9 damage)
             ... on level 2 of the Dungeon.
             The game lasted 00:01:33 (1238 turns).

Psyclone the Conjurer (Deep Elf Conjurer)           Turns: 1238, Time: 00:01:33

Health: -3/15      AC:  2    Str:  4    XL:     2   Next: 93%
Magic:  4/9        EV: 12    Int: 22    God:
Gold:   82         SH:  0    Dex: 13    Spells: 8/9 levels left

rFire   . . .        i - +0 dagger
rCold   . . .        (no shield)
rNeg    . . .        a - +0 robe
rPois   .            (no helmet)
rElec   .            (no cloak)
rCorr   .            (no gloves)
SInv    .            (no boots)
Will    .....        (no amulet)
Stlth   ++           (no ring)
HPRegen 0.22/turn    (no ring)
MPRegen 0.11/turn

%: no passive effects
@: no status effects
A: no striking features
a: no special abilities


You were on level 2 of the Dungeon.
You visited 1 branch of the dungeon, and saw 2 of its levels.

You collected 82 gold pieces.

Inventory:

Hand Weapons
 i - a +0 dagger (weapon)
Armour
 a - a +0 robe (worn)
Scrolls
 c - 3 scrolls of teleportation {unknown}
 e - a scroll of brand weapon {unknown}
 f - a scroll of acquirement {unknown}
Potions
 b - a potion of magic
 d - a potion of heal wounds {unknown}
 g - a potion of brilliance {unknown}
 h - a potion of cancellation {unknown}


   Skills:
 - Level 2.4 Dodging
 - Level 2.4 Stealth
 + Level 4.0 Spellcasting
 + Level 4.9 Conjurations


You had 8 spell levels left.
You knew the following spells:

 Your Spells              Type           Power      Damage    Failure   Level
a - Magic Dart            Conj           100%       1d8       1%          1

Your spell library contained the following spells:

 Spells                   Type           Power      Damage    Failure   Level
 Searing Ray              Conj           52%        2d6       2%          2
 Dazzling Flash           Conj/Hex       30%        N/A       12%         3
 Fulminant Prism          Conj/Hex       7%         3d7       36%         4
 Iskenderun's Mystic Bla  Conj/Tloc      15%        2d5       36%         4


Dungeon Overview and Level Annotations

Branches:
Dungeon (2/15) Zot: 10761

Altars:


Message History

The magic dart hits the worm.
The worm is lightly wounded.
You now have 8/9 mp.
Casting: Magic Dart (safe; 1% risk of failure)
Confirm with . or Enter, or press ? or * to list all spells.
Aiming: Magic Dart (safe; 1% risk of failure)
Press: ? - help, Shift-Dir - straight line, f/p - worm
Aim: a worm (lightly wounded, 100% to hit)
The magic dart hits the worm.
The worm is heavily wounded.
You now have 7/9 mp.
Casting: Magic Dart (safe; 1% risk of failure)
Confirm with . or Enter, or press ? or * to list all spells.
Aiming: Magic Dart (safe; 1% risk of failure)
Press: ? - help, Shift-Dir - straight line, f/p - worm
Aim: a worm (heavily wounded, 100% to hit)
The magic dart hits the worm but does no damage.
The worm is heavily wounded.
You now have 6/9 mp.
Casting: Magic Dart (safe; 1% risk of failure)
Confirm with . or Enter, or press ? or * to list all spells.
Aiming: Magic Dart (safe; 1% risk of failure)
Press: ? - help, Shift-Dir - straight line, f/p - worm
Aim: a worm (heavily wounded, 100% to hit)
The magic dart hits the worm.
The worm is severely wounded.
The worm bites you!
Ouch! That really hurt!
You take 9 damage, and have 6/15 hp.
MASSIVE DAMAGE!!
You now have 5/9 mp.
Casting: Magic Dart (safe; 1% risk of failure)
Confirm with . or Enter, or press ? or * to list all spells.
Aiming: Magic Dart (safe; 1% risk of failure)
Press: ? - help, Shift-Dir - straight line, f/p - worm
Aim: a worm (severely wounded, 100% to hit)
The magic dart hits the worm.
The worm is almost dead.
The endoplasm quivers.
The worm bites you!
Ouch! That really hurt!
You die...

#.#...####...#.#
.##...##....##...# #.
..#..#.......†#..# #.
....#.#......#.#.##
#. ...#..#....#..#..#
#....#..#....#.# #.
#.....##.....#.[ ..
#....(##.....#.###.
#w@..#..#....# ..
....[.#..#....#..#..#
..... #.#......#.#.##
.J.. .#........#..
... ...##....##..##
.. ... .####.. # .
.... .. .# #.###


You could see a worm and an endoplasm.

Vanquished Creatures
  3 endoplasms
  3 giant cockroaches
  3 hobgoblins
  2 jackals (D:1)
  2 quokkas
  2 ball pythons
  2 frilled lizards
  A kobold (D:1)
  8 rats
26 creatures vanquished.

Notes
Turn   | Place    | Note
-------+----------+-------------------------------------------
     0 | D:1      | Psyclone the Deep Elf Conjurer began the quest for the Orb.
     0 | D:1      | Reached XP level 1. HP: 10/10 MP: 6/6
   189 | D:1      | Reached XP level 2. HP: 15/15 MP: 0/8
  1238 | D:2      | Slain by a worm

Illustrated notes

Levels and vault maps discovered:
D:1:      dpeg_arrival_ratfight, layout_loops_ring
D:2:      layout_loops_ring, minmay_circled_x

Skill      XL: |  1  2 |
---------------+-------+-----
Spellcasting   | 4 |  4.0
Dodging        | |  2.4
Stealth        | |  2.4
Conjurations   | |  4.9

Action                     || total
---------------------------++-------
  Melee: Dagger            ||     1
   Cast: Magic Dart        ||    53
   Stab: Sleeping          ||     1
